 Dungeon Crawl Stone Soup version 0.22.1-6-g1668fe2c40 (webtiles) character file.

4586 Gargoyl the Chopper (level 10, -6/82 HPs)
             Began as a Centaur Abyssal Knight on Jan 27, 2019.
             Was an Elder of Lugonu.
             Mangled by a crocodile (13 damage)
             ... on level 1 of the Lair of Beasts.
             The game lasted 00:17:27 (11991 turns).

Gargoyl the Chopper (Centaur Abyssal Knight)       Turns: 11991, Time: 00:17:27

Health: -6/82      AC: 13    Str: 18    XL:     10   Next: 18%
Magic:  11/15      EV: 10    Int: 11    God:    Lugonu [****..]
Gold:   572        SH:  4    Dex: 12    Spells: 9/9 levels left

rFire    + . .     SeeInvis .   y - +1 broad axe (freeze)
rCold    + . .     Gourm    .   (no shield)
rNeg     . . .     Faith    .   e - +5 ring mail {rC+}
rPois    .         Spirit   .   s - +0 helmet
rElec    .         Reflect  +   (no cloak)
rCorr    .         Harm     .   (no gloves)
MR       .....                  (no barding)
Stlth    ..........             E - +4 amulet of reflection
HPRegen  0.23/turn              g - +3 ring of dexterity
MPRegen  0.14/turn              G - ring of protection from fire

@: lethally poisoned (-6 -> -20), very quick
A: large, hooves 3, deformed body, speed 2, tough skin 3
a: Depart the Abyss, Bend Space, Banish, Corrupt, Renounce Religion


You were on level 1 of the Lair of Beasts.
You worshipped Lugonu.
Lugonu was greatly pleased with you.
You were not hungry.

You visited 2 branches of the dungeon, and saw 10 of its levels.
You visited the Abyss 1 time.

You collected 572 gold pieces.

Inventory:

Hand Weapons
 a - a +3 hand axe
 y - a +1 broad axe of freezing (weapon)
 C - a +1 shortbow of velocity
Missiles
 j - 6 javelins (quivered)
 D - 53 arrows
Armour
 e - a +5 ring mail of cold resistance (worn)
 s - a +0 helmet (worn)
Jewellery
 g - a +3 ring of dexterity (left hand)
 B - an uncursed ring of see invisible
 E - a +4 amulet of reflection (around neck)
 G - a ring of protection from fire (right hand)
Wands
 u - a wand of random effects (35)
 x - a wand of flame (23)
Scrolls
 f - 6 scrolls of remove curse
 i - 2 scrolls of magic mapping
 m - 2 scrolls of fog
 n - 2 scrolls of amnesia
 p - 3 scrolls of teleportation
 v - a scroll of fear
Potions
 b - 3 potions of flight
 h - a potion of heal wounds
 k - 5 potions of curing
 l - 2 potions of agility
 o - a potion of invisibility
 q - 2 potions of might
 r - a potion of berserk rage
 t - 2 potions of cancellation
 w - a potion of magic {unknown}
 A - 3 potions of haste {unknown}
 H - a potion of mutation {unknown}
Comestibles
 c - 15 rations
 I - 2 chunks of flesh


   Skills:
 + Level 5.6 Fighting
 + Level 7.1 Axes
 + Level 4.1 Bows
 + Level 2.1 Throwing
 * Level 5.8 Armour
 * Level 4.5 Dodging
 * Level 7.0 Invocations


You had 9 spell levels left.
You didn't know any spells.
Your spell library contained the following spells:

 Spells                   Type           Power        Failure   Level  Hunger
 Animate Skeleton         Necr           N/A          52%         1    ##.....
 Apportation              Tloc           #.....       52%         1    ##.....
 Beastly Appendage        Tmut           #.....       52%         1    ##.....
 Confusing Touch          Hex            #.....       52%         1    ##.....
 Summon Small Mammal      Summ           #...         52%         1    ##.....
 Sticks to Snakes         Tmut           #.......     65%         2    ###....
 Spider Form              Tmut/Pois      #.........   87%         3    ####...
 Ice Form                 Ice/Tmut       #.......     99%         4    #####..
 Blade Hands              Tmut           #.........   100%        5    ######.


Dungeon Overview and Level Annotations

Branches:
Dungeon (9/15)             Temple (0/1) D:7            Lair (1/6) D:8
    Orc: D:9-12

Altars:
Ashenzari
Elyvilon
Kikubaaqudgha
Nemelex Xobeh
Okawaru
Qazlal
Trog
Uskayaw

Shops:
D:7 :


Innate Abilities, Weirdness & Mutations

You have hooves in place of feet.
Armour fits poorly on your strangely shaped body.
You cover ground very quickly.
You have extremely tough skin. (AC +3)


Message History

You feel somewhat more hungry.
You feel sick. The crocodile barely misses you.
You hit the crocodile. You freeze the crocodile.
The crocodile is severely wounded.
You feel very sick.
A spiny frog comes into view.
The crocodile bites you!
You barely miss the crocodile.
The crocodile is severely wounded.
You feel very sick.
The spiny frog gives a loud, deep croak!
The crocodile bites you!
* * * LOW HITPOINT WARNING * * *
You hit the crocodile but do no damage. You kick the crocodile.
The crocodile is severely wounded.
* * * LOW HITPOINT WARNING * * *
You feel sick. The crocodile barely misses you.
You block the crocodile's attack.
* * * LOW HITPOINT WARNING * * *
You feel sick. The crocodile bites you!
You die...

#. . ## #.
.#.##.
.....####
#......# #
#F.§..#.##
#..§§....##
#..@......#
........t....##
###............
.............#P
......###.#..#
.....# ......
#.... ......
♣#... ......


You could see a spiny frog and a crocodile.

Vanquished Creatures
  A spriggan (D:7)
  A yak (D:3)
  Menkaure (D:4)
  Edmund (D:6)
  2 water moccasins
  An orc warrior (D:8)
  4 porcupines
  A sky beast (D:8)
  3 ice beasts
  A phantom (D:4)
  A black bear (D:8)
  5 ogres
  2 centaurs (D:7)
  A crocodile (D:9)
  Blork the orc (D:4)
  5 bullfrogs
  5 scorpions
  4 howler monkeys
  A centaur zombie (D:7)
  2 crimson imps (D:9)
  A bullfrog zombie (D:7)
  A hound (D:9)
  2 orc priests
  5 orc wizards
  3 bullfrog skeletons
  A centaur skeleton (D:5)
  3 gnoll shamans (D:5)
  2 iguanas (D:7)
  2 worker ants
  A killer bee zombie (D:9)
  A howler monkey skeleton (D:7)
  24 gnolls
  9 adders
  A shadow imp (D:8)
  2 adder zombies
  13 leopard geckos
  17 orcs
  6 bats
  2 bat zombies (D:7)
  3 giant cockroaches
  5 goblins
  9 hobgoblins
  20 jackals
  6 quokkas
  2 ball pythons
  7 frilled lizards
  A jackal skeleton (D:8)
  8 kobolds
  A leopard gecko skeleton (D:7)
  A leopard gecko zombie (D:7)
  6 rats
  3 rat zombies (D:7)
211 creatures vanquished.

Vanquished Creatures (others)
  A spiny frog (Lair:1)
  2 fungi (D:8)
  2 starspawn tentacles (Abyss:2)
5 creatures vanquished.

Grand Total: 216 creatures vanquished

Notes
Turn   | Place    | Note
-------+----------+-------------------------------------------
     0 | Abyss:1  | Gargoyl the Centaur Abyssal Knight began the quest for the
                  | Orb.
     0 | Abyss:1  | Reached XP level 1. HP: 19/19 MP: 2/2
    67 | Abyss:2  | Noticed a shadow dragon skeleton
    77 | Abyss:2  | Noticed a tentacled starspawn
    81 | Abyss:2  | Noticed a neqoxec
    81 | Abyss:2  | Noticed a kobold demonologist
    85 | D:1      | Escaped the Abyss
   420 | D:1      | Reached XP level 2. HP: 20/26 MP: 3/3
   696 | D:1      | Reached skill level 1 in Dodging
   698 | D:1      | Reached * piety under Lugonu
   960 | D:1      | Reached XP level 3. HP: 31/31 MP: 4/4
  2345 | D:3      | Reached XP level 4. HP: 34/38 MP: 5/5
  2716 | D:3      | Reached ** piety under Lugonu
  3097 | D:3      | Found a white marble altar of Elyvilon.
  3103 | D:3      | Found an iron altar of Okawaru.
  3111 | D:3      | Found a stormy altar of Qazlal.
  3112 | D:3      | Found a sparkling altar of Nemelex Xobeh.
  3311 | D:4      | Noticed a yak
  3311 | D:4      | Noticed a yak
  3311 | D:4      | Noticed a yak
  3312 | D:4      | Noticed an ogre
  3350 | D:3      | Killed a yak
  3350 | D:3      | Reached XP level 5. HP: 8/46 MP: 7/7
  3350 | D:3      | Reached XP level 6. HP: 9/52 MP: 8/8
  3995 | D:4      | Reached XP level 7. HP: 34/58 MP: 9/9
  4170 | D:4      | Noticed Menkaure
  4183 | D:4      | Killed Menkaure
  4183 | D:4      | Reached skill level 1 in Throwing
  4582 | D:4      | Noticed Blork the orc
  4593 | D:4      | Killed Blork the orc
  5229 | D:5      | Entered Level 5 of the Dungeon
  5257 | D:5      | Reached XP level 8. HP: 48/66 MP: 11/11
  5476 | D:5      | Reached *** piety under Lugonu
  6564 | D:5      | Found a bloodstained altar of Trog.
  6961 | D:5      | Reached skill level 5 in Axes
  7032 | D:5      | Reached skill level 5 in Invocations
  7101 | D:5      | Reached **** piety under Lugonu
  7471 | D:6      | Noticed Edmund
  7490 | D:6      | Killed Edmund
  7516 | D:6      | Found a hide-covered altar of Uskayaw.
  8125 | D:7      | Found an ancient bone altar of Kikubaaqudgha.
  8191 | D:7      | Reached XP level 9. HP: 51/72 MP: 13/13
  8202 | D:7      | Found Reuwuto's Book Shop.
  8266 | D:7      | Reached skill level 5 in Armour
  9038 | D:7      | Found a staircase to the Ecumenical Temple.
  9433 | D:8      | Reached skill level 5 in Fighting
 10201 | D:8      | Reached skill level 1 in Bows
 10348 | D:8      | Found a staircase to the Lair.
 11065 | D:9      | Found a shattered altar of Ashenzari.
 11311 | D:8      | Reached XP level 10. HP: 81/81 MP: 15/15
 11957 | Lair:1   | Entered Level 1 of the Lair of Beasts
 11957 | Lair:1   | Noticed a spiny frog
 11987 | Lair:1   | Banished a spiny frog
 11988 | Lair:1   | Noticed a spiny frog
 11991 | Lair:1   | Mangled by a crocodile

Skill      XL: |  1  2  3  4  5  6  7  8  9 10 |
---------------+-------------------------------+-----
Dodging        | 1 2 3 4 |  4.5
Axes           | 2 3 4 5 7 |  7.1
Armour         | 2 3 4 5 |  5.8
Invocations    | 3 4 5 6 7 |  7.0
Fighting       | 4 5 |  5.6
Throwing       | 1 2 |  2.1
Bows           | 2 4 |  4.1

Action                   |  1- 3 |  4- 6 |  7- 9 | 10-12 || total
-------------------------+-------+-------+-------+-------++-------
Melee: Hand axe          |   115 |    73 |   264 |       ||   452
       Kick              |    10 |    15 |    97 |     5 ||   127
       Broad axe         |       |       |   126 |    18 ||   144
 Fire: Shortbow          |       |       |    83 |    49 ||   132
Throw: Javelin           |     1 |    10 |    18 |       ||    29
Invok: Depart the Abyss  |     1 |       |       |       ||     1
       Banish            |       |       |       |     1 ||     1
  Use: Scroll            |    16 |       |     6 |     2 ||    24
       Potion            |       |       |     2 |       ||     2
  Eat: Chunk             |     3 |     2 |    12 |     2 ||    19
       Ration            |       |     1 |     2 |       ||     3
Armor: Ring mail         |    74 |    32 |   234 |     8 ||   348
       Skin              |       |       |     8 |       ||     8
Dodge: Dodged            |    64 |    32 |   230 |    19 ||   345
Block: Other             |       |       |       |     3 ||     3
